 Dungeon Crawl Stone Soup version 0.31.0-32-g396128a36d (webtiles) character file.

Game seed: 526765795537143986

1911 nel the Reanimator (level 8, -1/52 HPs)
             Began as a Demonspawn Necromancer on Apr 3, 2024.
             Slain by an orc warrior
             ... wielding a +0 glaive
              (17 damage)
             ... on level 6 of the Dungeon.
             The game lasted 00:20:58 (5664 turns).

nel the Reanimator (Demonspawn Necromancer)         Turns: 5664, Time: 00:20:59

Health: -1/52      AC:  8    Str:  9    XL:     8   Next: 95%
Magic:  8/11       EV: 14    Int: 15    God:
Gold:   263        SH:  0    Dex: 16    Spells: 3/11 levels left

rFire   + . .        w - +1 short sword (venom)
rCold   . . .        (no shield)
rNeg    + . .        L - +2 leather armour {rF+}
rPois   .            H - +0 helmet
rElec   .            (no cloak)
rCorr   .            (no gloves)
SInv    .            (no boots)
Will    +....        (no amulet)
Stlth   ++           A - ring of positive energy
HPRegen 0.28/turn    E - ring of willpower
MPRegen 0.12/turn

%: no passive effects
@: no status effects
A: claws 1, yellow scales 1, powered by death 1
a: no special abilities


You were on level 6 of the Dungeon.
You visited 1 branch of the dungeon, and saw 6 of its levels.

You collected 263 gold pieces.

Inventory:

Hand Weapons
 d - a +2 dagger of freezing
 v - a +0 long sword
 w - a +1 short sword of venom (weapon)
Missiles
 l - 6 javelins
 B - 13 poisoned darts (quivered)
Armour
 H - a +0 helmet (worn)
 L - a +2 leather armour of fire resistance (worn)
Jewellery
 A - a ring of positive energy (left claw)
 E - a ring of willpower (right claw)
 J - an amulet of faith
 K - a ring of positive energy
Wands
 q - a wand of polymorph (19)
 s - a wand of iceblast (13)
 t - a wand of digging (15)
Scrolls
 h - 3 scrolls of enchant weapon {unknown}
 j - a scroll of fear {unknown}
 p - 3 scrolls of revelation
 r - a scroll of fog {unknown}
 u - a scroll of silence {unknown}
 x - a scroll of poison {unknown}
 y - 2 scrolls of noise {unknown}
 G - a scroll of amnesia
 I - a scroll of teleportation {unknown}
Potions
 a - a potion of brilliance {unknown}
 b - 3 potions of magic
 e - 2 potions of curing
 g - a potion of degeneration
 n - a potion of lignification
 o - a potion of invisibility {unknown}
 z - a potion of might
 C - a potion of attraction {unknown}
 D - a potion of enlightenment
 F - a potion of heal wounds {unknown}


   Skills:
 + Level 3.8 Long Blades
 + Level 5.8 Dodging
 - Level 2.0 Stealth
 - Level 2.0 Spellcasting
 * Level 10.5 Necromancy


You had 3 spell levels left.
You knew the following spells:

 Your Spells              Type           Power      Damage    Failure   Level
a - Necrotise             Necr           100%       1d9       1%          1
b - Vampiric Draining     Necr           33%        2d8       1%          3
c - Animate Dead          Necr           33%        N/A       4%          4

Your spell library contained the following spells:

 Spells                   Type           Power      Damage    Failure   Level
 Blink                    Tloc           2%         N/A       43%         2
 Lesser Beckoning         Tloc           2%         N/A       43%         2
 Momentum Strike          Conj/Tloc      2%         3d8       43%         2
 Gell's Gravitas          Tloc           1%         N/A       67%         3
 Ozocubu's Armour         Ice            1%         N/A       67%         3
 Teleport Other           Tloc           1%         N/A       67%         3
 Volatile Blastmotes      Fire/Tloc      2%         2d10      67%         3
 Curse of Agony           Necr           33%        N/A       12%         5
 Fulminant Prism          Conj/Alch      0%         3d5       97%         4
 Iskenderun's Mystic Bla  Conj/Tloc      1%         2d3       97%         4
 Vhi's Electric Charge    Tloc/Air       2%         N/A       97%         4
 Arcjolt                  Conj/Air       0%         1d10      100%        5
 Metabolic Englaciation   Hex/Ice        0%         N/A       100%        5
 Plasma Beam              Fire/Air       0%         2x1d10    100%        6
 Sculpt Simulacrum        Ice/Alch       0%         N/A       100%        6


Dungeon Overview and Level Annotations

Branches:
Dungeon (6/15)
 Temple: D:4-7

Altars:
Fedhas
Gozag
Hepliaklqana
Qazlal
Sif Muna
Wu Jian
Xom


Innate Abilities, Weirdness & Mutations

You have sharp fingernails.
You are partially covered in yellow scales. (AC +2)
You regenerate a little health from kills.


Message History

Aim: an orc, wielding a +0 club and wearing a +0 scale mail (heavily wounded, chance to affect: 93%)
The orc warrior writhes in agony!
The orc warrior hits you but does no damage.
Unknown command.
Casting: Necrotise (safe; 1% risk of failure)
Confirm with . or Enter, or press ? or * to list all spells.
Aiming: Necrotise (safe; 1% risk of failure)
Press: ? - help, Shift-Dir - straight line, f/p - orc
Aim: an orc, wielding a +0 club and wearing a +0 scale mail (heavily wounded, chance to affect: 93%)
The orc warrior writhes in agony!
The orc warrior hits you from afar with a +0 glaive.
Unknown command.
Casting: Necrotise (safe; 1% risk of failure)
Confirm with . or Enter, or press ? or * to list all spells.
Aiming: Necrotise (safe; 1% risk of failure)
Press: ? - help, Shift-Dir - straight line, f/p - orc
Aim: an orc, wielding a +0 club and wearing a +0 scale mail (heavily wounded, chance to affect: 93%)
The orc writhes in agony!
You kill the orc!
The dead are walking!
The orc warrior hits you but does no damage.
Unknown command.
The orc warrior closely misses you. The scorpion attacks as it pursues you!
The scorpion closely misses you.
You closely miss the scorpion. The scorpion barely misses you.
A hound comes into view.
You hit the scorpion but do no damage.
The scorpion is poisoned.
Your claw misses the scorpion.
The orc warrior hits you from afar with a +0 glaive.
A jelly comes into view.
The scorpion barely misses you.
You hit the scorpion but do no damage.
The scorpion looks as sick as possible!
The scorpion is moderately wounded.
The orc warrior hits you from afar with a +0 glaive!!
The scorpion barely misses you.
You kill the scorpion!
The orc warrior attacks as it pursues you!
The orc warrior hits you from afar with a +0 glaive!
The orc warrior hits you with a +0 glaive!
You die...

#...#..... ..
.........## ..#
###..#.....#....#
#..........#.....
#..?.........#
#........<..###
##.........<#
###.....#...#
...###..@....##.....
.........o##....##..
.....#...†Z.....## #
#... ##..h).......
#. #............
#.....#.J....
........#......
....####.. .....
..... #........


You could see an orc warrior (ally target), a hound, a jelly and a friendly orc
skeleton.

Vanquished Creatures
  Eustachio (D:5)
  Edmund (D:5)
  Duvessa (D:5)
  A black bear (D:5)
  An ogre (D:5)
  2 phantoms
  Blork the orc (D:4)
  4 scorpions
  Dowan (D:5)
  5 killer bees (D:5)
  2 bombardier beetles
  4 jellies
  An orc priest (D:5)
  2 iguanas (D:5)
  Ijyb (D:2)
  Natasha (twice) (D:4)
  An orc wizard (D:2)
  Robin (D:4)
  4 gnolls (D:3)
  8 adders
  2 dart slugs
  4 ribbon worms
  13 orcs
  8 ball pythons
  16 endoplasms
  A giant cockroach (D:3)
  16 goblins
  13 hobgoblins
  2 jackals (D:1)
  16 kobolds
  10 quokkas
  2 bats (D:1)
  3 frilled lizards
  4 rats
154 creatures vanquished.

Vanquished Creatures (collateral kills)
  A ball python (D:1)
  2 goblins
  A hobgoblin (D:1)
  A kobold (D:1)
5 creatures vanquished.

Vanquished Creatures (others)
  A giant cockroach (D:3)
1 creature vanquished.

Grand Total: 160 creatures vanquished

Notes
Turn   | Place    | Note
-------+----------+-------------------------------------------
     0 | D:1      | nel the Demonspawn Necromancer began the quest for the Orb.
     0 | D:1      | Reached XP level 1. HP: 13/13 MP: 3/3
   143 | D:1      | Gained mutation: You regenerate a little health from kills.
                  | [demonic ancestry]
   143 | D:1      | Reached XP level 2. HP: 19/19 MP: 1/5
   333 | D:1      | Reached skill level 5 in Necromancy
   531 | D:1      | Gained mutation: You are partially covered in yellow
                  | scales. (AC +2) [demonic ancestry]
   531 | D:1      | Reached XP level 3. HP: 24/24 MP: 4/6
   843 | D:1      | Learned a level 3 spell: Vampiric Draining
   937 | D:2      | Found a faded altar of an unknown god.
  1469 | D:2      | Reached XP level 4. HP: 30/30 MP: 3/7
  1731 | D:3      | Identified the +1 robe "Vouj" {rCorr}
  1835 | D:2      | Reached skill level 6 in Necromancy
  1943 | D:3      | Noticed Ijyb
  1982 | D:2      | Killed Ijyb
  1983 | D:2      | Gained mutation: You have sharp fingernails. [demonic
                  | ancestry]
  1983 | D:2      | Reached XP level 5. HP: 35/35 MP: 4/8
  2295 | D:3      | HP: 1/35 [poisoned by a kobold]
  2884 | D:3      | Found an opulent altar of Gozag.
  2952 | D:4      | Noticed Blork the orc
  2961 | D:4      | Killed Blork the orc
  2962 | D:4      | Reached skill level 7 in Necromancy
  2962 | D:4      | Reached XP level 6. HP: 41/41 MP: 5/9
  3062 | D:4      | Noticed Natasha
  3071 | D:4      | Killed Natasha
  3193 | D:4      | Noticed Natasha
  3210 | D:4      | Killed Natasha
  3437 | D:4      | Reached XP level 7. HP: 46/46 MP: 10/10
  3442 | D:4      | Learned a level 4 spell: Animate Dead
  3487 | D:4      | Noticed Robin
  3513 | D:4      | Killed Robin
  3514 | D:4      | Reached skill level 8 in Necromancy
  3811 | D:4      | Found a shimmering altar of Xom.
  3811 | D:4      | Found a blossoming altar of Fedhas.
  3811 | D:4      | Found a shimmering blue altar of Sif Muna.
  3811 | D:4      | Found a hazy altar of Hepliaklqana.
  3811 | D:4      | Found a stormy altar of Qazlal.
  3849 | D:4      | Reached skill level 1 in Long Blades
  3996 | D:5      | Entered Level 5 of the Dungeon
  4069 | D:5      | Identified the +0 robe "Gustrat" {Will+ Dex+2 Archmagi}
  4542 | D:5      | Reached skill level 9 in Necromancy
  4591 | D:4      | Reached skill level 5 in Dodging
  4591 | D:4      | Reached XP level 8. HP: 52/52 MP: 11/11
  4674 | D:5      | Noticed Eustachio
  4717 | D:5      | Killed Eustachio
  5139 | D:5      | Noticed Duvessa
  5140 | D:5      | Noticed Dowan
  5143 | D:5      | Killed Dowan
  5149 | D:5      | Killed Duvessa
  5150 | D:5      | Reached skill level 10 in Necromancy
  5474 | D:5      | Noticed Edmund
  5484 | D:5      | Killed Edmund
  5612 | D:5      | Found an ornate altar of the Wu Jian Council.
  5664 | D:6      | Slain by an orc warrior

Illustrated notes

Levels and vault maps discovered:
D:1:      psy_arrival_basics, layout_basic
D:2:      layout_loops_ring, nicolae_ecumenical_pavilion
D:3:      layout_rooms, nicolae_gozag_seed_capital,
          minmay_randomly_rotated_circles, uniq_ijyb
D:4:      cheibrodos_fertilizer, layout_rooms, uniq_robin, uniq_natasha,
          uniq_blork_the_orc
D:5:      layout_loops_ring, pdpol_wu_jian_five_deadly_venoms,
          chequers_mini_garden, uniq_eustachio, uniq_duvessa, uniq_edmund
D:6:      layout_cave_pools, grunt_temple_overflow_open,
          minmay_temple_entry_tees, serial_gnoll_camp, gnoll_camp_medium_02,
          gnoll_camp_mini_hut, gnoll_camp_mini_basic, gnoll_camp_mini_loothouse,
          gnoll_camp_mini_doghouse, uniq_jeremiah

Skill      XL: |  1  2  3  4  5  6  7  8 |
---------------+-------------------------+-----
Stealth        | 2 |  2.0
Dodging        | 2 3 4 5 |  5.8
Necromancy     | 5 6 7 9 10 | 10.5
Long Blades    | 2 3 |  3.8
Spellcasting   | |  2.0

Action                     |  1- 3 |  4- 6 |  7- 9 || total
---------------------------+-------+-------+-------++-------
  Melee: Unarmed           |    46 |    10 |       ||    56
         Mace              |     4 |       |       ||     4
         Short sword       |    54 |   202 |   263 ||   519
         Punch             |     1 |     1 |     2 ||     4
  Throw: Dart              |       |     5 |    18 ||    23
         Throwing net      |       |     1 |       ||     1
         Javelin           |       |     3 |       ||     3
   Cast: Necrotise         |    42 |    22 |    18 ||    82
         Vampiric Draining |       |    13 |    23 ||    36
  Evoke: Wand              |       |       |     2 ||     2
    Use: Scroll            |       |       |     5 ||     5
         Potion            |       |       |     5 ||     5
   Stab: Sleeping          |     2 |     1 |     4 ||     7
         Held in net/web   |       |     1 |       ||     1
 Armour: Robe              |    58 |       |       ||    58
         Leather armour    |     2 |   149 |   150 ||   301
         Skin              |       |     4 |    20 ||    24
  Dodge: Dodged            |    68 |   140 |   155 ||   363
